Map: Central Protocol

Players

SticklerMac - Winner!

  • Race: Zerg Zerg
  • League: Platinum

PAPACULO

  • Race: Zerg Zerg

VOD

Have the link to the VOD?

Description

Time

  • Played on: Nov. 14, 2015, 7:45 p.m.
  • Length: 12:00
Show
View Real Time Build Order
Export as new Build Order

SticklerMac Zerg - Winner!

Build Orders: Hatch First 

Get SALT Encoding   

  12  0:01  Drone  
  13  0:12  Overlord  
  13  0:17  Drone  
  14  0:31  Drone x2  
  16  0:37  Drone  
  17  0:53  Hatchery  
  17  0:55  Drone  
  17  1:03  Drone, Extractor  
  17  1:15  Spawning Pool  
  16  1:18  Drone  
  16  1:24  Drone  
  18  1:30  Drone  
  19  1:40  Overlord  
  19  1:50  Drone  
  20  2:03  Drone  
  20  2:06  Metabolic Boost  
  20  2:07  Queen  
  23  2:09  Queen  
  25  2:16  Zergling x2  
  25  2:17  Zergling x2  
  25  2:20  Drone  
  28  2:27  Baneling Nest  
  28  2:29  Drone  
  28  2:32  Drone  
  29  2:40  Zergling x4  
  31  2:45  Zergling x2  
  32  2:59  Zergling x2  
  32  3:00  Zergling x4  
  35  3:07  Zergling x2  
  35  3:11  Overlord  
  36  3:29  Overlord x3  
  36  3:43  Zergling x6  
  36  3:44  Zergling x6  
  36  3:57  Zergling x2  
  36  3:58  Zergling x2  
  36  4:02  Zergling x4  
  25  4:13  Zergling x2  
  25  4:14  Zergling x6  
  29  4:24  Drone  
  30  4:35  Zergling x2  
  31  4:42  Baneling x3  
  31  4:43  Baneling  
  31  4:49  Drone  
  31  5:10  Zergling x6  
  31  5:11  Zergling x2  
  35  5:17  Zergling x2  
  34  5:21  Zergling x2  
  34  5:26  Baneling  
  34  5:28  Baneling  
  27  5:30  Baneling  
  10  5:53  Drone  
  10  5:54  Drone x2  
  13  5:59  Drone  
  14  6:20  Drone x2  
  14  6:35  Drone x3  
  14  6:39  Drone  
  18  6:43  Drone  
  19  6:48  Baneling x2  
  19  6:56  Drone x2  
  19  7:00  Drone  
  22  7:06  Baneling  
  22  7:08  Drone x2  
  24  7:11  Drone  
  24  7:14  Drone  
  26  7:23  Drone x2  
  28  7:32  Drone x2  
  30  7:43  Drone x2  
  32  7:51  Queen  
  32  7:52  Hatchery  
  32  7:55  Queen  
  35  8:01  Drone x2  
  35  8:02  Drone  
  38  8:06  Drone  
  39  8:14  Zergling x4  
  41  8:25  Extractor  
  41  8:26  Drone x2  
  42  8:29  Extractor  
  42  8:32  Roach Warren  
  41  8:34  Drone  
  41  8:42  Baneling x3  
  41  8:44  Zergling x2  
  41  8:45  Drone  
  41  8:46  Drone  
  44  9:02  Drone x2  
  46  9:06  Queen  
  48  9:13  Drone x2  
  48  9:16  Roach  
  48  9:17  Roach x5  
  62  9:23  Roach  
  62  9:24  Roach  
  65  9:28  Lair  
  65  9:33  Roach x3  
  71  9:39  Roach  
  71  9:42  Overlord x3  
  71  9:43  Overlord  
  73  9:49  Overlord x3  
  73  10:04  Roach x5  
  85  10:14  Roach x3  
  85  10:15  Evolution Chamber  
  85  10:16  Evolution Chamber  
  87  10:22  Roach x3  
  87  10:27  Glial Reconstitution  
  95  10:28  Roach  
  95  10:33  Roach  
  95  10:34  Roach  
  99  10:37  Roach  
  101  10:45  Roach x2  
  105  10:56  Roach x2, Extractor  
  105  10:57  Roach  
  110  11:03  Roach x2  
  114  11:06  Roach  
  114  11:11  Roach x2  
Show
View Real Time Build Order
Export as new Build Order

PAPACULO Zerg 

Build Orders: Pool First 

Get SALT Encoding   

  12  0:02  Drone  
  13  0:13  Overlord  
  13  0:18  Drone  
  14  0:33  Drone x2  
  16  0:43  Spawning Pool  
  16  0:47  Extractor  
  16  0:48  Drone  
  15  0:51  Drone  
  16  0:58  Drone  
  17  1:12  Drone  
  18  1:22  Overlord  
  18  1:30  Queen  
  18  1:32  Zergling x2  
  21  1:41  Spine Crawler  
  20  1:47  Metabolic Boost  
  20  1:53  Evolution Chamber  
  19  2:00  Zergling x4  
  21  2:04  Zergling x2  
  22  2:25  Zerg Melee Weapons Level 1  
  22  2:29  Zergling x4  
  24  2:45  Zergling x8  
  28  2:53  Spine Crawler  
  28  2:55  Drone  
  28  2:56  Spine Crawler  
  27  3:20  Zergling x2  
  27  3:21  Zergling x4  
  27  3:22  Overlord x2  
  30  3:35  Overlord  
  25  4:09  Zergling x6  
  22  4:10  Zergling x4  
  22  4:26  Zergling x4  
  24  4:37  Hatchery  
  23  4:44  Zergling x8  
  27  5:03  Spine Crawler  
  18  5:19  Zergling x4  
  18  5:20  Zergling x6  
  23  5:28  Queen  
  6  5:53  Drone x2  
  6  5:54  Drone x4  
  12  6:05  Drone  
  13  6:22  Drone  
  12  6:32  Drone  
  12  6:45  Drone x2  
  13  6:58  Drone x2  
  16  7:01  Drone  
  16  7:12  Drone x2  
  18  7:30  Roach Warren  
  18  7:32  Drone  
  18  7:49  Drone  
  18  7:50  Drone x4  
  23  8:08  Extractor  
  23  8:11  Roach x3  
  28  8:16  Drone  
  29  8:35  Roach x2  
  29  8:36  Roach x2  
  37  8:44  Queen  
  39  8:58  Roach  
  39  8:59  Roach  
  43  9:13  Lair  
  43  9:19  Zergling x2  
  43  9:20  Zergling x6  
  47  9:32  Roach x2  
  51  10:01  Drone x2  
  51  10:03  Hatchery  
  52  10:18  Glial Reconstitution  
  52  10:49  Overseer  
  52  10:53  Drone x4  
  52  10:54  Drone x3  
  52  10:57  Overlord  
  59  11:25  Roach x4  
Tags
 
Add a new tag
Caveats
  • Supply blocks, unpowered buildings, or Contaminate may cause inaccurate times.
  • Supply counts are checked every 10 seconds.